SKY
NEW YORK METS @ BOSTON RED SOX
04/26/2052
 
TOP OF THE 1ST
New York Mets batting - Pitching for Boston Red Sox : RHP Wynn Bunch
Pitching: RHP Wynn Bunch
Batting: LHB Cody Phillips 0-0: Called Strike
0-1: Ball
1-1: Foul Ball, location: 2F
1-2: Ball
2-2: Strikes out swinging
Batting: LHB Bobby Crooks 0-0: Ball
1-0: Ball
2-0: Foul Ball, location: 5FF
2-1: Foul Ball, location: 5F
2-2: Ground out 5-3 (Groundball, P, EV 90.0 MPH)
Batting: RHB Jonathan Mitchell 0-0: Swinging Strike
0-1: Ball
1-1: Foul Ball, location: 2F
1-2: Fly out, F3 (Popup, 3SF, EV 80.0 MPH)
Top of the 1st over - 0 runs, 0 hits, 0 errors, 0 left on base; New York 0 - Boston 0
BOTTOM OF THE 1ST
Boston Red Sox batting - Pitching for New York Mets : LHP Nick Coppa
Pitching: LHP Nick Coppa
Batting: RHB William Spicer 0-0: Swinging Strike
0-1: Swinging Strike
0-2: Ball
1-2: Ball
2-2: Foul Ball, location: 2F
2-2: Strikes out swinging
Batting: RHB Roland Bickel 0-0: Foul Ball, location: 3DF
0-1: SINGLE (Groundball, 4MS, EV 66.9 MPH) (infield hit)
Batting: RHB Jalen Duke 0-0: Called Strike
0-1: Fly out, F9 (Flyball, 9, EV 80.0 MPH)
Batting: SHB Christian Gibbs 0-0: Ball
1-0: Foul Ball, location: 5F
1-1: Ball
2-1: SINGLE (Line Drive, 78S, EV 103.1 MPH)
Roland Bickel to second
Runner from 2nd tries for 3rd, SAFE, throw by LF made to third
Batting: RHB Alastair Cooledge 0-0: Ball
1-0: Swinging Strike
1-1: Ball
2-1: Foul Ball, location: 2F
2-2: Ball
3-2: Foul Ball, location: 25F
3-2: Strikes out swinging
Bottom of the 1st over - 0 runs, 2 hits, 0 errors, 2 left on base; New York 0 - Boston 0
TOP OF THE 2ND
New York Mets batting - Pitching for Boston Red Sox : RHP Wynn Bunch
Batting: LHB Earl Jones 0-0: Ball
1-0: SINGLE (Line Drive, 4MD, EV 97.5 MPH)
Batting: SHB Emmanuel González 0-0: Ball
1-0: Ball
2-0: Called Strike
2-1: Fielders Choice at 2nd, 4-6 (Groundball, 34, EV 85.6 MPH)
Batting: RHB Javin Hall 0-0: Called Strike
0-1: Swinging Strike
0-2: Ball
1-2: Strikes out swinging
Batting: LHB Elih Zelaya 0-0: DOUBLE (Groundball, 3L, EV 100.0 MPH)
Emmanuel González to third
Batting: RHB Jeremy Zimmerman 0-0: Ground out 6-3 (Groundball, 6, EV 90.0 MPH)
Top of the 2nd over - 0 runs, 2 hits, 0 errors, 2 left on base; New York 0 - Boston 0
BOTTOM OF THE 2ND
Boston Red Sox batting - Pitching for New York Mets : LHP Nick Coppa
Batting: RHB Pooh Whitney 0-0: Swinging Strike
0-1: Ground out 4-3 (Groundball, 4, EV 79.4 MPH)
Batting: LHB Jaxson Eisley 0-0: Foul Ball, location: 2F
0-1: Ball
1-1: DOUBLE (Flyball, 89D, EV 110.0 MPH)
Batting: RHB Brooks Tucker 0-0: Foul Ball, location: 9LDF
0-1: Fly out, F4 (Popup, 34S, EV 83.1 MPH)
Batting: LHB Chase Veliz 0-0: Called Strike
0-1: Foul Ball, location: 2F
0-2: Strikes out swinging
Bottom of the 2nd over - 0 runs, 1 hit, 0 errors, 1 left on base; New York 0 - Boston 0
TOP OF THE 3RD
New York Mets batting - Pitching for Boston Red Sox : RHP Wynn Bunch
Batting: LHB Enrique Reyna 0-0: SINGLE (Groundball, 4MD, EV 103.8 MPH)
Batting: LHB Cody Phillips 0-0: Called Strike
0-1: Ball
1-1: Bunted foul
1-2: Foul Ball, location: 7LMF
1-2: Ball
2-2: Foul Ball, location: 25FF
2-2: Ball
3-2: Foul Ball, location: 2F
3-2: Foul Ball, location: 2F
3-2: Base on Balls
Enrique Reyna to second
Batting: LHB Bobby Crooks 0-0: Foul Ball, location: 2F
0-1: DOUBLE (Flyball, 89D, EV 105.0 MPH)
Enrique Reyna scores
Cody Phillips to third
Batting: RHB Jonathan Mitchell 0-0: Foul Ball, location: 2F
0-1: Ground out 4-3 (Groundball, 34, EV 96.3 MPH)
Batting: LHB Earl Jones 0-0: Called Strike
0-1: Ball
1-1: Called Strike
1-2: Strikes out swinging
Batting: SHB Emmanuel González 0-0: Foul Ball, location: 7LSF
0-1: Foul Ball, location: 5FF
0-2: Fly out, F8 (Flyball, 78S, EV 91.9 MPH)
Top of the 3rd over - 1 run, 2 hits, 0 errors, 2 left on base; New York 1 - Boston 0
BOTTOM OF THE 3RD
Boston Red Sox batting - Pitching for New York Mets : LHP Nick Coppa
Batting: RHB William Spicer 0-0: Ball
1-0: Foul Ball, location: 2F
1-1: Foul Ball, location: 9LSF
1-2: Fly out, F6 (Line Drive, 6, EV 69.4 MPH)
Batting: RHB Roland Bickel 0-0: Ball
1-0: SINGLE (Line Drive, 6D, EV 110.6 MPH)
Batting: RHB Jalen Duke 0-0: Swinging Strike
0-1: Swinging Strike
0-2: Strikes out swinging
Batting: SHB Christian Gibbs 0-0: Ball
1-0: Ball
2-0: Called Strike
2-1: Foul Ball, location: 2F
2-2: Fielders Choice at 2nd, 6-4 (Groundball, 6, EV 91.9 MPH)
Bottom of the 3rd over - 0 runs, 1 hit, 0 errors, 1 left on base; New York 1 - Boston 0
TOP OF THE 4TH
New York Mets batting - Pitching for Boston Red Sox : RHP Wynn Bunch
Batting: RHB Javin Hall 0-0: Ground out 4-3 (Groundball, 4, EV 81.9 MPH)
Batting: LHB Elih Zelaya 0-0: Swinging Strike
0-1: Called Strike
0-2: Strikes out swinging
Batting: RHB Jeremy Zimmerman 0-0: Called Strike
0-1: Ball
1-1: Ball
2-1: Swinging Strike
2-2: Foul Ball, location: 9LMF
2-2: Strikes out swinging
Top of the 4th over - 0 runs, 0 hits, 0 errors, 0 left on base; New York 1 - Boston 0
BOTTOM OF THE 4TH
Boston Red Sox batting - Pitching for New York Mets : LHP Nick Coppa
Batting: RHB Alastair Cooledge 0-0: Ground out 4-3 (Groundball, 4, EV 82.5 MPH)
Batting: RHB Pooh Whitney 0-0: Ground out 5-3 (Groundball, 15, EV 88.8 MPH)
Batting: LHB Jaxson Eisley 0-0: Ground out 4-3 (Groundball, 4, EV 81.9 MPH)
Bottom of the 4th over - 0 runs, 0 hits, 0 errors, 0 left on base; New York 1 - Boston 0
TOP OF THE 5TH
New York Mets batting - Pitching for Boston Red Sox : RHP Wynn Bunch
Batting: LHB Enrique Reyna 0-0: Called Strike
0-1: Swinging Strike
0-2: Foul Ball, location: 3DF
0-2: Ball
1-2: SINGLE (Groundball, 23, EV 88.1 MPH) (infield hit)
Batting: LHB Cody Phillips 0-0: Ball
1-0: Ball
2-0: Bunted foul
2-1: Bunt - Flyout to 3S! F3
Batting: LHB Bobby Crooks 0-0: Foul Ball, location: 25F
0-1: Ball
1-1: TRIPLE (Line Drive, 78XD, EV 101.9 MPH)
Enrique Reyna scores
Batting: RHB Jonathan Mitchell 0-0: Ball
1-0: Ball
2-0: Called Strike
2-1: Swinging Strike
2-2: Strikes out swinging
Batting: LHB Earl Jones 0-0: Fly out, F9 (Flyball, 9S, EV 94.4 MPH)
Top of the 5th over - 1 run, 2 hits, 0 errors, 1 left on base; New York 2 - Boston 0
BOTTOM OF THE 5TH
Boston Red Sox batting - Pitching for New York Mets : LHP Nick Coppa
Batting: RHB Brooks Tucker 0-0: Foul Ball, location: 2F
0-1: Ball
1-1: Hit by Pitch
Batting: LHB Chase Veliz 0-0: Called Strike
0-1: Ball
1-1: Ball
2-1: Called Strike
2-2: Fielders Choice at 2nd, 4-6 (Groundball, 34, EV 101.9 MPH)
Batting: RHB William Spicer 0-0: SINGLE (Line Drive, 89S, EV 100.0 MPH)
Chase Veliz to second
Batting: RHB Roland Bickel 0-0: Foul Ball, location: 2F
0-1: Foul Ball, location: 2F
0-2: Ball
1-2: Strikes out swinging
Batting: RHB Jalen Duke 0-0: Ball
1-0: Swinging Strike
1-1: Called Strike
1-2: Ball
2-2: Foul Ball, location: 7LSFF
2-2: Strikes out swinging
Bottom of the 5th over - 0 runs, 1 hit, 0 errors, 2 left on base; New York 2 - Boston 0
TOP OF THE 6TH
New York Mets batting - Pitching for Boston Red Sox : RHP Wynn Bunch
Batting: SHB Emmanuel González 0-0: Called Strike
0-1: Ball
1-1: Swinging Strike
1-2: Ground out 5-3 (Groundball, 56, EV 100.6 MPH)
Batting: RHB Javin Hall 0-0: Ground out 6-3 (Groundball, 56, EV 84.4 MPH)
Batting: LHB Elih Zelaya 0-0: Called Strike
0-1: SINGLE (Line Drive, 34D, EV 99.4 MPH)
Pitching: RHP Tino Carrillo
Batting: RHB Jeremy Zimmerman 0-0: Ball
1-0: Called Strike
1-1: Foul Ball, location: 3FF
1-2: Strikes out swinging
Top of the 6th over - 0 runs, 1 hit, 0 errors, 1 left on base; New York 2 - Boston 0
BOTTOM OF THE 6TH
Boston Red Sox batting - Pitching for New York Mets : LHP Nick Coppa
Batting: SHB Christian Gibbs 0-0: Ball
1-0: Foul Ball, location: 9LSF
1-1: SINGLE (Line Drive, 7S, EV 100.0 MPH)
Batting: RHB Alastair Cooledge 0-0: Ball
1-0: Fly out, F7 (Flyball, 7LD, EV 108.1 MPH)
Batting: RHB Pooh Whitney 0-0: Ball
1-0: Ball
2-0: Foul Ball, location: 9LMF
2-1: Called Strike
2-2: Ball
3-2: Base on Balls
Christian Gibbs to second
Batting: LHB Jaxson Eisley 0-0: Called Strike
0-1: Ball
1-1: Called Strike
1-2: Strikes out swinging
Batting: RHB Brooks Tucker 0-0: Foul Ball, location: 2F
0-1: Called Strike
0-2: Strikes out swinging
Bottom of the 6th over - 0 runs, 1 hit, 0 errors, 2 left on base; New York 2 - Boston 0
TOP OF THE 7TH
New York Mets batting - Pitching for Boston Red Sox : RHP Tino Carrillo
Batting: LHB Enrique Reyna 0-0: Called Strike
0-1: Ball
1-1: Fly out, F8 (Flyball, 8LM, EV 95.0 MPH)
Batting: LHB Cody Phillips 0-0: Called Strike
0-1: Foul Ball, location: 3FF
0-2: Hit by Pitch
Batting: LHB Bobby Crooks 0-0: Foul Ball, location: 2F
0-1: Ball
Cody Phillips is caught stealing 2nd base 2-6
1-1: Ball
2-1: Ground out 4-3 (Groundball, 4, EV 100.6 MPH)
Top of the 7th over - 0 runs, 0 hits, 0 errors, 0 left on base; New York 2 - Boston 0
BOTTOM OF THE 7TH
Boston Red Sox batting - Pitching for New York Mets : LHP Nick Coppa
Pinch Hitting: RHB Ruben Otero 0-0: Called Strike
0-1: Swinging Strike
0-2: Ball
1-2: Strikes out swinging
Batting: RHB William Spicer 0-0: Called Strike
0-1: Foul Ball, location: 3F
0-2: Ball
1-2: Foul Ball, location: 9LSF
1-2: Foul Ball, location: 5FF
1-2: Ground out 5-3 (Groundball, 56, EV 78.1 MPH)
Batting: RHB Roland Bickel 0-0: Ball
1-0: Swinging Strike
1-1: Called Strike
1-2: Ball
2-2: Ball
3-2: Foul Ball, location: 9LSF
3-2: Fly out, F8 (Flyball, 8RM, EV 86.3 MPH)
Bottom of the 7th over - 0 runs, 0 hits, 0 errors, 0 left on base; New York 2 - Boston 0
TOP OF THE 8TH
New York Mets batting - Pitching for Boston Red Sox : RHP Tino Carrillo
Now in LF: Ruben Otero
Now in CF: William Spicer
Batting: RHB Jonathan Mitchell 0-0: Ball
1-0: Called Strike
1-1: Ball
2-1: Ball
3-1: Fly out, F8 (Flyball, 8LXD, EV 110.0 MPH)
Batting: LHB Earl Jones 0-0: Foul Ball, location: 3F
0-1: Ball
1-1: Ball
2-1: Ball
3-1: Base on Balls
Batting: SHB Emmanuel González 0-0: Fly out, F3 (Popup, 3F, EV 69.4 MPH)
Batting: RHB Javin Hall 0-0: Called Strike
0-1: Ground out 5-3 (Groundball, 5S, EV 90.6 MPH)
Top of the 8th over - 0 runs, 0 hits, 0 errors, 1 left on base; New York 2 - Boston 0
BOTTOM OF THE 8TH
Boston Red Sox batting - Pitching for New York Mets : LHP Nick Coppa
Pitching: RHP Colton Parisi
Batting: RHB Jalen Duke 0-0: Called Strike
0-1: Foul Ball, location: 2F
0-2: Ball
1-2: Strikes out looking
Batting: SHB Christian Gibbs 0-0: SOLO HOME RUN (Flyball, 9LD, EV 95.0 MPH), Distance : 352 ft
Pinch Hitting: LHB Ben Viet 0-0: Foul Ball, location: 7LSF
0-1: Swinging Strike
0-2: Foul Ball, location: 9LMF
0-2: Ball
1-2: Ball
2-2: Ball
3-2: Strikes out swinging
Batting: RHB Pooh Whitney 0-0: Ground out 4-3 (Groundball, 4, EV 90.0 MPH)
Bottom of the 8th over - 1 run, 1 hit, 0 errors, 0 left on base; New York 2 - Boston 1
TOP OF THE 9TH
New York Mets batting - Pitching for Boston Red Sox : RHP Tino Carrillo
Pitching: RHP Jayden Spencer
Now at 2B: Ward Saylor
Batting: LHB Elih Zelaya 0-0: SINGLE (Line Drive, 8RS, EV 103.1 MPH)
Batting: RHB Jeremy Zimmerman 0-0: Ball
1-0: Ball
2-0: Ball
3-0: Called Strike
3-1: Sac Bunt to 25 - play at first, batter OUT! 5-3
Elih Zelaya to second
Batting: LHB Enrique Reyna 0-0: Ball
1-0: Foul Ball, location: 25FF
1-1: Ball
2-1: DOUBLE (Line Drive, 78D, EV 99.4 MPH)
Elih Zelaya scores
Batting: LHB Cody Phillips 0-0: Called Strike
0-1: Called Strike
Enrique Reyna steals 3rd base
0-2: Ball
1-2: Ball
2-2: Strikes out swinging
Batting: LHB Bobby Crooks 0-0: Called Strike
0-1: Ball
1-1: Swinging Strike
1-2: Ball
2-2: Ball
3-2: Foul Ball, location: 2F
3-2: Base on Balls
Batting: RHB Jonathan Mitchell 0-0: Called Strike
0-1: Foul Ball, location: 5FF
0-2: Ground out 4-3 (Groundball, 4, EV 83.1 MPH)
Top of the 9th over - 1 run, 2 hits, 0 errors, 2 left on base; New York 3 - Boston 1
BOTTOM OF THE 9TH
Boston Red Sox batting - Pitching for New York Mets : RHP Colton Parisi
Batting: LHB Jaxson Eisley 0-0: Called Strike
0-1: Foul Ball, location: 5SF
0-2: Ball
1-2: Hit by Pitch
Pinch Hitting: RHB Liam Sena 0-0: Grounds into double play, 6-4-3 (Groundball, 6, EV 75.6 MPH)
Batting: RHB Ruben Otero 0-0: Ground out 6-3 (Groundball, 6, EV 79.4 MPH)
Bottom of the 9th over - 0 runs, 0 hits, 0 errors, 0 left on base; New York 3 - Boston 1
Thursday, April 18th , 2024 - OOTP Baseball 24.11 Build 85